 Dungeon Crawl Stone Soup version 0.30-a0-718-geaa24f58ff (webtiles) character file.

Game seed: 15938388332666820505

5693 mopl the Thaumaturge (level 10, -3/68 HPs)
             Began as a Mummy Fire Elementalist on Jan 25, 2023.
             Was a Follower of Vehumet.
             Slain by a yak (14 damage)
             ... on level 10 of the Dungeon.
             The game lasted 00:15:17 (8716 turns).

mopl the Thaumaturge (Mummy Fire Elementalist)      Turns: 8716, Time: 00:15:17

Health: -3/68      AC:  9    Str: 11    XL:     10   Next: 47%
Magic:  2/24       EV: 12    Int: 20    God:    Vehumet [*.....]
Gold:   83         SH:  0    Dex: 14    Spells: 19/29 levels left

rFire   . . .      SeeInvis +    a - +7 hand axe of the Final Decision {pain, rF+ Dex+2}
rCold   + . .      Faith    +    (no shield)
rNeg    + + +      Spirit   .    s - +2 robe {Will+}
rPois   ∞          Reflect  .    E - +2 helmet
rElec   .          Harm     .    (no cloak)
rCorr   .          Rampage  .    n - +0 pair of gloves
Will    ++...                    q - +0 pair of boots
Stlth   ++                       d - amulet of regeneration
HPRegen 1.11/turn                k - ring of see invisible
MPRegen 0.19/turn                (no ring)

@: no status effects
A: cold resistance 1, negative energy resistance 3, torment resistance 2, heat
vulnerability 1, in touch with death 1, no potions, faith
a: Renounce Religion


You were on level 10 of the Dungeon.
You worshipped Vehumet.
Vehumet was aware of your devotion.
You visited 2 branches of the dungeon, and saw 11 of its levels.

You collected 518 gold pieces.
You spent 435 gold pieces at shops.

Inventory:

Hand Weapons
 a - the +7 hand axe of the Final Decision (weapon) {pain, rF+ Dex+2}
   (You found it on level 2 of the Dungeon)

   Dex:       It affects your dexterity (+2).
   rF:        It protects you from fire.
 b - a +0 mace
 i - the +3 spear of the Hammering Weasel {heavy, rElec rF+}
   (You found it on level 9 of the Dungeon)

   rF:        It protects you from fire.
   rElec:     It insulates you from electricity.
 z - a +3 spectral quarterstaff
 G - a +1 spear of venom
Missiles
 g - 5 poisoned darts
 m - 4 boomerangs
 t - a throwing net
 B - a silver boomerang
Armour
 n - a +0 pair of gloves (worn)
 q - a +0 pair of boots (worn)
 s - a +2 robe of willpower (worn)
 E - a +2 helmet (worn)
 H - +0 acid dragon scales
Jewellery
 d - an amulet of regeneration (around neck)
 k - a ring of see invisible (left hand)
 C - a ring of ice
Wands
 j - a wand of light (4)
 r - a wand of flame (36)
 y - a wand of iceblast (15)
 D - a wand of paralysis (4)
Scrolls
 c - 2 scrolls of poison
 e - a scroll of magic mapping
 f - a scroll of fear
 h - 2 scrolls of teleportation
 l - a scroll of torment {!r}
 o - 3 scrolls of blinking
 p - 2 scrolls of amnesia
 u - 3 scrolls of enchant weapon
 v - a scroll of brand weapon
 w - 2 scrolls of fog {unknown}
 x - a scroll of immolation {unknown}
 A - 3 scrolls of enchant armour {unknown}
 F - a scroll of identify


   Skills:
 + Level 2.4 Fighting
 + Level 2.7 Dodging
 - Level 1.5 Stealth
 + Level 10.1 Spellcasting
 * Level 7.1 Conjurations
 - Level 3.0 Translocations
 * Level 7.5 Fire Magic
 - Level 2.0 Air Magic


You had 19 spell levels left.
You knew the following spells:

 Your Spells              Type           Power      Damage    Failure   Level
a - Foxfire               Conj/Fire      100%       2x1d9     1%          1
b - Scorch                Fire           80%        2d9       1%          2
c - Kindle Blastsparks    Fire/Tloc/Air  52%        2d14      3%          3
d - Flame Wave            Conj/Fire      39%        2d11      3%          4

Your spell library contained the following spells:

 Spells                   Type           Power      Damage    Failure   Level
 Shock                    Conj/Air       100%       1d9       1%          1
 Lesser Beckoning         Tloc           44%        N/A       3%          2
 Inner Flame              Hex/Fire       25%        N/A       4%          3
 Gell's Gravitas          Tloc           22%        N/A       6%          3
 Teleport Other           Tloc           22%        N/A       6%          3
 Manifold Assault         Tloc           22%        N/A       21%         4
 Dispersal                Tloc           11%        N/A       97%         6
 Disjunction              Tloc           11%        N/A       100%        8


Dungeon Overview and Level Annotations

Branches:
Dungeon (10/15)            Temple (1/1) D:4
   Lair: D:8-11         Orc: D:9-12

Altars:
Ashenzari
Cheibriados
Dithmenos
Fedhas
Gozag
Hepliaklqana
Kikubaaqudgha
Makhleb
Nemelex Xobeh
Okawaru
Qazlal
Ru
Sif Muna
Trog
Uskayaw
Vehumet
Wu Jian
Yredelemnul

Shops:
D:2 (   D:5 [

Annotations:
D:2 1 runed translucent door, Crazy Yiuf
D:10 Urug


Innate Abilities, Weirdness & Mutations

You are immune to poison.
Your flesh is cold resistant. (rC+)
You are immune to negative energy. (rN+++)
You are immune to unholy pain and torment.
You are vulnerable to heat. (rF-)
You are in touch with the powers of death.
You do not drink.
You have a special connection with the divine. (Faith)


Message History

The yak is heavily wounded.
Casting: Kindle Blastsparks (dangerous; 3% risk of failure)
Confirm with . or Enter, or press ? or * to list all spells.
A cloud of volatile blastsparks flares up around you!
The yak attacks as you move away! The yak gores you!
The cloud of blastsparks explodes!
The concussive blast engulfs the yak!
The yak is almost dead.
The concussive blast engulfs you!
You are knocked back by the blast.
Flames lash the yak.
You kill the yak!
Vehumet accepts your kill.
Aiming: Iceblast
Press: ? - help, Shift-Dir - straight line The mass of ice explodes!
The iceblast engulfs the yak!
The yak is moderately wounded.
The iceblast engulfs the yak!
The yak is moderately wounded.
Unknown command.
Flames lash the yak.
The yak is heavily wounded.
The yak's fire resistance burns away.
The yak barely misses you.
You barely miss the yak.
The yak is heavily wounded.
The yak gores you!
You slash the yak!
The yak is severely wounded.
You hit the yak.
The yak gores you! x2; The yak barely misses you. x2
You closely miss the yak.
The yak is severely wounded.
You hit the yak. The yak gores you!
* * * LOW HITPOINT WARNING * * *
The yak closely misses you.
You hit the yak.
The yak is severely wounded.
You hit the yak.
The yak is no longer more vulnerable to fire.
The yak gores you.
* * * LOW HITPOINT WARNING * * *
The yak gores you!
You die...

#....YY.....#
#.†#######..#
#..# #..#
#..# #Y.#
#..# #.Y#
#..# #..#
#.†# #..#
#YY# #..#
#.@# #..#
#..# #..#
#..# #..#
#..# #..#
#..# #..#


You could see 2 yaks.

Vanquished Creatures
  Pikel (D:4)
  2 trolls
  Grinder (D:5)
  2 hornets
  A vampire (D:9)
  3 yaks (D:10)
  A wyvern (D:9)
  Eustachio (D:6)
  A wraith (D:7)
  Duvessa (D:5)
  2 acid dragons
  3 water moccasins
  A black bear (D:5)
  An ice beast (D:5)
  3 orc warriors
  2 ogres (D:7)
  A centaur (D:8)
  2 lemures (D:4)
  A gnoll sergeant (D:9)
  4 scorpions
  5 bullfrogs
  2 necrophages
  4 wights (D:8)
  Dowan (D:5)
  2 howler monkeys
  A hound (D:5)
  A jelly (D:5)
  2 orc priests (D:6)
  5 gnoll boudas
  2 iguanas
  4 orc wizards
  25 gnolls
  8 adders
  An ufetubus (D:6)
  2 worms
  28 orcs
  4 endoplasms
  4 giant cockroaches
  4 goblins
  5 hobgoblins
  3 kobolds
  A quokka (D:1)
  4 ball pythons
  3 bats
  3 frilled lizards (D:1)
  8 rats
166 creatures vanquished.

Vanquished Creatures (others)
  93 foxfires
  5 fungi (D:2)
98 creatures vanquished.

Grand Total: 264 creatures vanquished

Notes
Turn   | Place    | Note
-------+----------+-------------------------------------------
     0 | D:1      | mopl the Mummy Fire Elementalist began the quest for the
                  | Orb.
     0 | D:1      | Reached XP level 1. HP: 13/13 MP: 4/4
   144 | D:1      | Reached skill level 1 in Conjurations
   207 | D:1      | Reached skill level 3 in Spellcasting
   210 | D:1      | Reached XP level 2. HP: 14/19 MP: 3/6
   326 | D:1      | Learned a level 2 spell: Scorch
   374 | D:1      | Found a faded altar of an unknown god.
  1023 | D:2      | Gained mutation: You are in touch with the powers of death.
                  | [Mummy growth]
  1023 | D:2      | Reached XP level 3. HP: 22/24 MP: 0/7
  1023 | D:2      | Identified the +7 hand axe of the Final Decision {pain, rF+
                  | Dex+2}
  1352 | D:2      | Found Yntizuif's Weapon Shoppe.
  1454 | D:2      | Learned a level 3 spell: Kindle Blastsparks
  1455 | D:2      | Found a runed translucent door.
  1456 | D:2      | Noticed Crazy Yiuf
  2078 | D:4      | Reached XP level 4. HP: 24/30 MP: 7/9
  2163 | D:4      | Reached skill level 3 in Fire Magic
  2182 | D:4      | Noticed a lemure
  2198 | D:4      | Killed a lemure
  2300 | D:4      | Noticed a lemure
  2309 | D:4      | Killed a lemure
  2704 | D:4      | Found a staircase to the Ecumenical Temple.
  2711 | Temple   | Entered the Ecumenical Temple
  3082 | D:4      | Noticed Pikel
  3082 | D:4      | Noticed a lemure
  3096 | D:4      | Killed Pikel
  3097 | D:4      | Reached skill level 5 in Spellcasting
  3097 | D:4      | Reached skill level 2 in Conjurations
  3097 | D:4      | Reached skill level 2 in Translocations
  3097 | D:4      | Reached skill level 2 in Air Magic
  3097 | D:4      | Reached XP level 5. HP: 35/35 MP: 3/12
  3097 | D:4      | Reached XP level 6. HP: 41/41 MP: 3/13
  3097 | D:4      | Reached XP level 7. HP: 46/46 MP: 3/14
  3343 | D:5      | Entered Level 5 of the Dungeon
  3349 | D:5      | Learned a level 4 spell: Flame Wave
  3357 | D:5      | Reached skill level 3 in Conjurations
  3358 | D:5      | Reached skill level 4 in Fire Magic
  3429 | D:5      | Noticed Grinder
  3441 | D:5      | Paralysed by Grinder for 2 turns
  3444 | D:5      | Killed Grinder
  3445 | D:5      | Reached skill level 6 in Spellcasting
  3445 | D:5      | Reached skill level 3 in Translocations
  3502 | D:5      | Reached XP level 8. HP: 52/52 MP: 5/17
  3706 | D:5      | Reached skill level 4 in Conjurations
  4074 | D:5      | Noticed Duvessa
  4088 | D:5      | Found Goenguz's Antique Armour Emporium.
  4092 | D:5      | Noticed Dowan
  4110 | D:5      | Reached skill level 5 in Fire Magic
  4122 | D:5      | Killed Dowan
  4123 | D:5      | Reached skill level 7 in Spellcasting
  4264 | D:5      | Killed Duvessa
  4299 | D:5      | Bought a creamy pearl robe for 188 gold pieces
  4299 | D:5      | Identified the +0 robe "Hiphoom" {-Cast rC+ Str+8 Stlth-}
                  | (You bought it in a shop on level 5 of the Dungeon)
  4729 | D:6      | Found a bloodstained altar of Trog.
  4850 | D:6      | Reached skill level 5 in Conjurations
  4893 | D:6      | Noticed Eustachio
  4911 | D:6      | Killed Eustachio
  4912 | D:6      | Reached skill level 8 in Spellcasting
  4912 | D:6      | Reached XP level 9. HP: 39/57 MP: 11/21
  5015 | D:6      | Found a sacrificial altar of Ru.
  5442 | D:7      | Reached skill level 6 in Fire Magic
  5888 | D:7      | Noticed a troll
  5906 | D:7      | Killed a troll
  5956 | D:7      | Found a hazy altar of Hepliaklqana.
  5970 | D:7      | Reached skill level 9 in Spellcasting
  5994 | D:6      | Reached skill level 6 in Conjurations
  6850 | D:8      | Reached skill level 1 in Fighting
  6914 | D:8      | Reached skill level 7 in Fire Magic
  6914 | D:8      | Reached XP level 10. HP: 64/65 MP: 18/23
  6936 | D:8      | Found a blossoming altar of Fedhas.
  6967 | D:8      | Found a basalt altar of Yredelemnul.
  6967 | D:8      | Found a radiant altar of Vehumet.
  7064 | D:8      | Became a worshipper of Vehumet
  7405 | D:5      | Bought a shiny helmet for 247 gold pieces
  7557 | D:9      | Identified the +3 spear of the Hammering Weasel {heavy,
                  | rElec rF+}
  7561 | D:9      | Reached skill level 2 in Dodging
  7719 | D:9      | Identified the +1 ring mail of Eshripro {Harm Rampage
                  | Int-4}
  8004 | D:9      | Reached * piety under Vehumet
  8004 | D:9      | Offered knowledge of Shock by Vehumet.
  8518 | D:10     | Entered Level 10 of the Dungeon
  8523 | D:10     | Reached skill level 2 in Fighting
  8544 | D:10     | Reached skill level 10 in Spellcasting
  8544 | D:10     | Reached skill level 7 in Conjurations
  8555 | D:10     | Noticed Urug
  8716 | D:10     | Slain by a yak

Illustrated notes

Levels and vault maps discovered:
D:1:      scummos_arrival_forest, layout_basic,
          hellmonk_ecumenical_altar_heavens_door
D:2:      layout_loops_ring, serial_shops, shop_statue, uniq_crazy_yiuf_cottage
D:3:      layout_loops_ring
D:4:      nicolae_cairo_tiling_large, layout_loops_ring, temple_green,
          uniq_pikel
D:5:      layout_rooms, serial_shops, nicolae_inconvenience_store, uniq_grinder,
          uniq_duvessa
D:6:      layout_basic, mainiacjoe_overflow_paths, bloody_trog,
          chequers_serial_rivers_micro_a, minmay_misc_feat_cross, uniq_eustachio
D:7:      layout_gridville, mainiacjoe_overflow_small_starburst
D:8:      layout_loops_cross, fedhas_altar_1, gammafunk_temple_overflow_elements
D:9:      layout_loops_ring, tgw_xom, overflow_temple_1_default
D:10:     layout_long_grid, uniq_urug, uniq_amaemon
Temple:   dpeg_chambers_temple

Skill      XL: |  1  2  3  4  5  6  7  8  9 10 |
---------------+-------------------------------+-----
Conjurations   | 1 2 3 5 6 7 |  7.1
Spellcasting   | 3 5 6 8 9 10 | 10.1
Fire Magic     | 3 4 5 7 |  7.5
Translocations | 2 3 |  3.0
Air Magic      | 2 |  2.0
Fighting       | 1 2 |  2.4
Dodging        | 2 |  2.7
Stealth        | |  1.5

Action                     |  1- 3 |  4- 6 |  7- 9 | 10-12 || total
---------------------------+-------+-------+-------+-------++-------
  Melee: Mace              |    17 |       |       |       ||    17
         Punch             |     1 |       |     1 |       ||     2
         Unarmed           |     1 |       |       |       ||     1
         Hand axe          |    29 |    10 |    64 |    12 ||   115
   Cast: Foxfire           |    38 |     3 |    17 |       ||    58
         Scorch            |       |    14 |   183 |    67 ||   264
         Kindle Blastspark |       |       |     6 |     8 ||    14
  Evoke: Wand              |       |     2 |       |     4 ||     6
    Use: Scroll            |       |       |     8 |     2 ||    10
   Stab: Sleeping          |     1 |       |       |       ||     1
         Paralysed         |       |       |       |     4 ||     4
 Armour: Robe              |    12 |     3 |    68 |     6 ||    89
  Dodge: Dodged            |    44 |     4 |   120 |    24 ||   192

Table legend: (Time is in decaauts)
 A = Elapsed time spent in this place.
 B = Non-inter-level travel time spent in this place.
 C = Inter-level travel time spent in this place.
 D = Time resting spent in this place.
 E = Time spent auto-exploring this place.
 F = Levels seen in this place.
 G = Mean time per level.
                   A        B        C        D        E       F      G
               +--------+--------+--------+--------+--------+-----+--------+
         Total |   8771 |   8091 |    680 |   1785 |   4750 |  11 |  797.4 |
       Dungeon |   8498 |   7839 |    659 |   1785 |   4518 |  10 |  849.8 |
        Temple |    272 |    251 |     21 |      0 |    232 |   1 |  272.0 |
               +--------+--------+--------+--------+--------+-----+--------+

Top non-repeatable levels by time:
     D:6: 1158 daAuts
     D:8: 1156 daAuts
     D:5: 1087 daAuts
     D:4: 1020 daAuts
     D:7: 950 daAuts
     D:9: 859 daAuts
     D:1: 856 daAuts
     D:2: 628 daAuts
     D:3: 581 daAuts
  Temple: 272 daAuts
    D:10: 199 daAuts
